 Dungeon Sprint DCSS version 0.19-a0-188-ga21aea4 (webtiles) character file.

58 Kidiri the Insei (level 4, -3/24 HPs)
             Began as a Vine Stalker Monk on May 23, 2016.
             Killed from afar by an oklob sapling priest (7 damage)
             ... with a splash of acid
             ... in the Dungeon (Sprint IV: "Fedhas' Mad Dash").
             The game lasted 00:01:22 (130 turns).

Kidiri the Insei (Vine Stalker Monk)                 Turns: 130, Time: 00:01:23

Health: -3/24      AC:  4    Str: 14    XL:     4   Next: 1%
Magic:  0/5        EV: 14    Int: 10    God:
Gold:   23         SH:  0    Dex: 17    Spells: 0 memorised, 3 levels left

rFire  . . .     SeeInvis .       - Unarmed
rCold  . . .     Gourm    .     a - +0 robe
rNeg   . . .     Faith    .     (no shield)
rPois  .         Spirit   +     (no helmet)
rElec  .         Dismiss  .     j - +1 cloak {+Inv}
rCorr  .         Reflect  .     (no gloves)
SustAt .         Harm     .     (no boots)
MR     .....     NoTele   +     (no amulet)
Stlth  +++.......               (no ring)
                                (no ring)

@: very slightly contaminated, not resistant to hostile enchantments, fairly
stealthy
A: fangs 2, regeneration 1, magic shield, antimagic bite, no device heal 3, rot
immunity
a: Evoke Invisibility


You were in the Dungeon.
You were not hungry.

You visited 1 branch You collected 23 gold pieces.

Inventory:

Armour
 a - a +0 robe (worn)
 j - a +1 cloak of invisibility (worn)
Scrolls
 h - a scroll of blinking
 i - 2 scrolls of enchant weapon {unknown}
Potions
 c - a potion of curing
 d - a potion of heal wounds
 e - a potion of haste
 f - 2 potions of magic
Comestibles
 b - a bread ration
 g - 2 chunks of flesh


   Skills:
 + Level 3.5 Fighting
 + Level 1.9 Armour
 * Level 4.0 Dodging
 * Level 5.2 Stealth
 * Level 5.3 Unarmed Combat
 + Level 0.0 Evocations


You had 3 spell levels left.
You didn't know any spells.

Dungeon Overview and Level Annotations

Branches:
Dungeon (1/1)

Altars:
Cheibriados
Dithmenos
Elyvilon
Gozag
Kikubaaqudgha
Makhleb
Nemelex Xobeh
Okawaru
Pakellas
Qazlal
Ru
Sif Muna
Trog
Vehumet
Xom
Yredelemnul
Zin
The Shining One
Beogh
Jiyva
Lugonu

Annotations:
D exclusion: oklob sapling


Innate Abilities, Weirdness & Mutations

You have extremely sharp teeth.
Your natural rate of healing is unusually fast.
When hurt, damage is shared between your health and your magic reserves.
Your bite disrupts and absorbs the magic of your enemies.
Potions and wands cannot restore your health.
You are immune to rotting.


Message History

You bite the oklob sapling priest, but do no damage.
The oklob sapling priest is heavily damaged.
The oklob sapling priest spits acid at you.
The splash of acid hits you!
The acid burns!
Ouch! That really hurt!
* * * LOW HITPOINT WARNING * * *
There is a deep blue altar of Sif Muna here.
You catch the helpless oklob sapling priest completely off-guard!
You hit the oklob sapling priest.
You bite the oklob sapling priest, but do no damage.
The oklob sapling priest is heavily damaged.
Found a stormy altar of Qazlal.
There is a corrupted altar of Lugonu here.
You hit the oklob sapling priest.
You bite the oklob sapling priest, but do no damage.
The oklob sapling priest is severely damaged.
You flicker back into view.
The oklob sapling priest spits acid at you.
The splash of acid hits you!
You die...

########################
....#.....#.⌠...._....⌠.
....'.#().'._._._._._._.
....#.#...#_._._P_._._._
########+##._._.@._._._.
#.⌠...._....⌠.
##############


You could see an oklob sapling priest.

Vanquished Creatures
  An oklob sapling (D)
  A worker ant (D)
  A river rat (D)
  A rat (D)
4 creatures vanquished.

Notes
Turn   | Place    | Note
--------------------------------------------------------------
     0 | D        | Kidiri the Vine Stalker Monk began the quest for the Orb.
     0 | D        | Reached XP level 1. HP: 11/11 MP: 2/2
    19 | D        | Reached skill level 1 in Armour
    19 | D        | Reached XP level 2. HP: 4/16 MP: 0/3
    66 | D        | Noticed an oklob sapling
    70 | D        | Killed an oklob sapling
    70 | D        | Reached skill level 5 in Unarmed Combat
    70 | D        | Reached XP level 3. HP: 20/20 MP: 4/4
    75 | D        | Reached skill level 5 in Stealth
    75 | D        | Reached XP level 4. HP: 24/24 MP: 5/5
   115 | D        | Found a snail-covered altar of Cheibriados.
   115 | D        | Found a glowing silver altar of Zin.
   115 | D        | Found a white marble altar of Elyvilon.
   116 | D        | Found a viscous altar of Jiyva.
   116 | D        | Found a radiant altar of Vehumet.
   116 | D        | Found a deep blue altar of Sif Muna.
   116 | D        | Found a burning altar of Makhleb.
   116 | D        | Found an oddly glowing altar of Pakellas.
   116 | D        | Found an ancient bone altar of Kikubaaqudgha.
   116 | D        | Found a bloodstained altar of Trog.
   116 | D        | Found a corrupted altar of Lugonu.
   116 | D        | Found a sacrificial altar of Ru.
   116 | D        | Noticed an oklob sapling priest
   117 | D        | Found a glowing golden altar of the Shining One.
   117 | D        | Found a sparkling altar of Nemelex Xobeh.
   118 | D        | Found a shadowy altar of Dithmenos.
   119 | D        | Found an iron altar of Okawaru.
   119 | D        | Found a shimmering altar of Xom.
   120 | D        | Found an opulent altar of Gozag.
   121 | D        | Found a basalt altar of Yredelemnul.
   121 | D        | Found a roughly hewn altar of Beogh.
   129 | D        | Found a stormy altar of Qazlal.
   130 | D        | Killed from afar by an oklob sapling priest

Vault maps used:
D:        dungeon_sprint_fedhas

Skill      XL: |  1  2  3 |
---------------+----------+-----
Fighting       | 3 |  3.5
Armour         | 1 |  1.9
Dodging        | 3 4 |  4.0
Stealth        | 3 4 5 |  5.2
Unarmed Combat | 5 |  5.3

Action                   |  1- 3 |  4- 6 || total
-------------------------+-------+-------++-------
Melee: Unarmed           |    20 |     7 ||    27
       Bite              |     9 |     6 ||    15
       Punch             |       |     1 ||     1
 Abil: Evoke Invisibilit |       |     1 ||     1
  Use: Potion            |     1 |       ||     1
 Stab: Invisible         |       |     2 ||     2
       Sleeping          |       |     1 ||     1
Dodge: Dodged            |     9 |       ||     9
